 Dungeon Crawl Stone Soup version 0.24.0-41-g2ae2f7f1be (webtiles) character file.

Game seed: 11947513753802477775, levelgen mode: deterministic

569 Delamore the Cleaver (level 7, -1/51 HPs)
             Began as a Hill Orc Fighter on Dec 12, 2019.
             Was a Follower of Okawaru.
             Slain by a phantom (4 damage)
             ... on level 6 of the Dungeon.
             The game lasted 00:04:34 (3090 turns).

Delamore the Cleaver (Hill Orc Fighter)             Turns: 3090, Time: 00:04:35

Health: -1/51      AC:  7    Str: 19 (21) XL:     7   Next: 33%
Magic:  7/7        EV:  9    Int: 12 (13) God:    Okawaru [*.....]
Gold:   150        SH:  6    Dex:  8 (10) Spells: 6/6 levels left

rFire    . . .     SeeInvis .   a - +0 war axe
rCold    . . .     Gourm    .   y - +2 buckler
rNeg     . . .     Faith    .   b - +0 scale mail
rPois    .         Spirit   .   (no helmet)
rElec    .         Reflect  .   (no cloak)
rCorr    .         Harm     .   r - +0 pair of gloves
MR       +....                  (no boots)
Stlth    ..........             p - amulet of rage
HPRegen  0.17/turn              (no ring)
MPRegen  0.10/turn              (no ring)

@: brilliant, berserk cooldown, slowed, lightly drained, very slow
A: frail 1, magic resistance 1
a: Heroism, Renounce Religion, Evoke Berserk Rage


You were on level 6 of the Dungeon.
You worshipped Okawaru.
Okawaru was aware of your devotion.
You were not hungry.

You visited 2 branches of the dungeon, and saw 7 of its levels.

You collected 307 gold pieces.
You spent 157 gold pieces at shops.

Inventory:

Hand Weapons
 a - a +0 war axe (weapon)
 w - the +6 hand axe "Yggusuor" {drain, +Blink}
   (You found it on level 4 of the Dungeon)

   A truly terrible weapon, it drains the life of those it strikes.
   It lets you blink.
Armour
 b - a +0 scale mail (worn)
 c - a +0 shield
 r - a +0 pair of gloves (worn)
 y - a +2 buckler (worn)
Jewellery
 p - an amulet of rage (around neck)
Scrolls
 e - a scroll of noise {unknown}
 g - a scroll of remove curse {unknown}
 i - 2 scrolls of amnesia {unknown}
 j - a scroll of enchant armour {unknown}
 l - a scroll of fog {unknown}
 m - 3 scrolls of identify {unknown}
 s - a scroll of teleportation {unknown}
 t - a scroll of random uselessness {unknown}
 x - a scroll of magic mapping {unknown}
 B - a scroll of immolation {unknown}
Potions
 d - 4 potions of might
 h - a potion of mutation
 n - a potion of cancellation
Comestibles
 f - 9 rations
 z - 2 chunks of flesh


   Skills:
 - Level 3.6(3.3) Fighting
 + Level 10.2(9.9) Axes
 - Level 3.2(3.0) Armour
 - Level 3.2(3.0) Shields


You had 6 spell levels left.
You didn't know any spells.
Your spell library contained the following spells:

 Spells                   Type           Power        Failure   Level  Hunger
 Animate Skeleton         Necr           N/A          12%         1    ##.....
 Apportation              Tloc           #.....       12%         1    ##.....
 Confusing Touch          Hex            #.....       12%         1    ##.....
 Summon Small Mammal      Summ           #...         12%         1    ##.....


Dungeon Overview and Level Annotations

Branches:
Dungeon (6/15)             Temple (1/1) D:4

Altars:
Cheibriados
Elyvilon
Fedhas
Gozag
Hepliaklqana
Kikubaaqudgha
Makhleb
Okawaru
Qazlal
Sif Muna
Trog
Uskayaw
Vehumet
Wu Jian
Xom
Yredelemnul
Zin
The Shining One

Shops:
D:4 *

Annotations:
D:5 Menkaure


Innate Abilities, Weirdness & Mutations

You are frail. (-10% HP)
You are resistant to hostile enchantments. (MR+)


Message History

You feel your strength returning.
The phantom hits you but does no damage.
You miss the phantom.
The phantom is lightly damaged.
The phantom blinks!
You cannot move.
The phantom blinks!
The phantom hits you but does no damage.
You hit the phantom but do no damage.
The phantom is lightly damaged.
The phantom hits you but does no damage.
You slash the phantom!
The phantom is moderately damaged.
You feel less wooden.
Your +0 pair of gloves unmelds from your body.
Your +0 scale mail unmelds from your body.
The phantom hits you.
* * * LOW HITPOINT WARNING * * *
The phantom hits you.
You die...

#≈.###.≈# #≈..÷..≈#
#...###...
#≈≈≈.≈≈≈####.........
####'####..#........ #
.####.......#......##.#
............#.....#<..#
#####.......#.........
#.......#..W))######
#.......#[.)@.......
#.......+...#######.
#.......#.#......#
#.......#.######.#
###+###.....# #.#
#.#.#z# #z# # #.#.#.#
#.# .. #.#.#.#
#.##.####
#.#.#.####.......#


You could see a phantom.

Vanquished Creatures
  A scorpion (D:4)
  5 wights (D:6)
  A howler monkey (D:6)
  A hound (D:5)
  2 orc wizards (D:4)
  An orc priest (D:4)
  A hound skeleton (D:4)
  3 gnolls (D:2)
  5 adders
  An adder skeleton (D:4)
  A worm (D:4)
  4 leopard geckos
  2 orcs
  A giant cockroach (D:1)
  8 hobgoblins
  5 jackals
  4 kobolds
  2 quokkas (D:2)
  9 bats
  3 frilled lizards
  9 goblins
  A jackal zombie (D:3)
  A leopard gecko skeleton (D:2)
  9 rats
80 creatures vanquished.

Notes
Turn   | Place    | Note
-------+----------+-------------------------------------------
     0 | D:1      | Delamore the Hill Orc Fighter began the quest for the Orb.
     0 | D:1      | Reached XP level 1. HP: 19/19 MP: 1/1
    18 | D:1      | Reached skill level 3 in Axes
    59 | D:1      | Reached XP level 2. HP: 23/26 MP: 2/2
   135 | D:1      | Reached skill level 4 in Axes
   601 | D:2      | Reached XP level 3. HP: 31/31 MP: 3/3
   898 | D:2      | Reached skill level 5 in Axes
   901 | D:2      | Reached XP level 4. HP: 12/39 MP: 4/4
  1211 | D:2      | Reached skill level 6 in Axes
  1385 | D:3      | Found a hide-covered altar of Uskayaw.
  1385 | D:3      | Found a stormy altar of Qazlal.
  1386 | D:3      | Found a blossoming altar of Fedhas.
  1389 | D:3      | Found a bloodstained altar of Trog.
  1929 | D:3      | Found a shimmering altar of Xom.
  1987 | D:3      | Found a glowing silver altar of Zin.
  2155 | D:4      | Reached skill level 7 in Axes
  2155 | D:4      | Reached XP level 5. HP: 32/45 MP: 5/5
  2605 | D:4      | Reached skill level 8 in Axes
  2605 | D:4      | Reached XP level 6. HP: 40/51 MP: 6/6
  2629 | D:4      | Got a twisted hand axe
  2630 | D:4      | Identified the +6 hand axe "Yggusuor" {drain, +Blink} (You
                  | found it on level 4 of the Dungeon)
  2654 | D:4      | Found a staircase to the Ecumenical Temple.
  2663 | Temple   | Entered the Ecumenical Temple
  2852 | Temple   | Became a worshipper of Warmaster Okawaru
  2903 | D:4      | Found Raebavou's Assorted Antiques.
  2913 | D:4      | Bought a runed buckler for 157 gold pieces
  2986 | D:4      | You fall into a shaft and drop 2 floors!
  3021 | D:6      | Reached skill level 9 in Axes
  3041 | D:6      | Noticed a phantom
  3054 | D:5      | Entered Level 5 of the Dungeon
  3057 | D:5      | Gained mutation: You are frail. (-10% HP) [potion of
                  | mutation]
  3057 | D:5      | Gained mutation: You are resistant to hostile enchantments.
                  | (MR+) [potion of mutation]
  3061 | D:5      | HP: 3/67 [hound (4)]
  3067 | D:5      | Reached XP level 7. HP: 4/51 MP: 7/7
  3069 | D:5      | Noticed Menkaure
  3073 | D:6      | HP: 1/51 [wight/+0 scimitar (2)]
  3081 | D:6      | Reached * piety under Okawaru
  3082 | D:6      | Reached skill level 10 in Axes
  3090 | D:6      | Slain by a phantom

Levels and vault maps discovered:
D:1:      dpeg_arrival_orchard, layout_loops_ring, minmay_tromino_mix6
D:2:      layout_loops_ring
D:3:      minmay_wonky_spiral, layout_basic, tgw_xom,
          nicolae_overflow_crystal_walls, minitemple, first_ration
D:4:      layout_cave_pools, minmay_temple_entry_antechambers, serial_shops,
          shop_coins
D:5:      minmay_angry_zag, layout_loops_cross, grunt_dithmenos_shadows,
          gup_ossuary_entry_pyramid, minmay_joined_circles, uniq_eustachio,
          uniq_menkaure, uniq_sigmund
D:6:      layout_basic, serial_shops, nicolae_shop_trees,
          kennysheep_generic_room_11, uniq_pikel
Temple:   minmay_temple_bridge_abc

Skill      XL: |  1  2  3  4  5  6  7 |
---------------+----------------------+-----
Axes           | 3 4 5 7 8 9 10 | 10.2
Fighting       | |  3.6
Armour         | |  3.2
Shields        | |  3.2

Action                   |  1- 3 |  4- 6 |  7- 9 || total
-------------------------+-------+-------+-------++-------
Melee: War axe           |    89 |   144 |    11 ||   244
       Hand axe          |       |     6 |       ||     6
  Use: Potion            |       |     3 |     5 ||     8
  Eat: Chunk             |       |     7 |       ||     7
Armor: Scale mail        |    45 |    66 |     1 ||   112
       Skin              |       |       |    23 ||    23
Dodge: Dodged            |    36 |    62 |     2 ||   100
Block: Shield            |    53 |    61 |       ||   114
       Buckler           |       |    11 |    12 ||    23
